 Dungeon Crawl Stone Soup version 0.25-a0-185-g6cfeca75b2 (webtiles) character file.

Game seed: 6774915370128924647, levelgen mode: deterministic

80 Leeroy the Conjurer (level 4, -10/33 HPs)
             Began as a Draconian Conjurer on Nov 27, 2019.
             Killed from afar by Ijyb (16 damage)
             ... with a bolt of acid
             ... on level 3 of the Dungeon.
             The game lasted 00:03:27 (2156 turns).

Leeroy the Conjurer (Draconian Conjurer)            Turns: 2156, Time: 00:03:27

Health: -10/33     AC:  5    Str: 10    XL:     4   Next: 18%
Magic:  7/7        EV: 12    Int: 17    God:
Gold:   120        SH:  0    Dex: 11    Spells: 4/7 levels left

rFire    . . .     SeeInvis .   a - +0 dagger
rCold    . . .     Gourm    .   (no shield)
rNeg     . . .     Faith    .   (armour unavailable)
rPois    .         Spirit   .   (helmet restricted)
rElec    .         Reflect  .   (no cloak)
rCorr    .         Harm     .   (no gloves)
MR       .....                  (no boots)
Stlth    ++........             (no amulet)
HPRegen  0.11/turn              (no ring)
MPRegen  0.10/turn              (no ring)

@: no status effects
A: unfitting armour, cold-blooded, AC +5
a: no special abilities


You were on level 3 of the Dungeon.
You were hungry.

You visited 1 branch of the dungeon, and saw 3 of its levels.

You collected 120 gold pieces.

Inventory:

Hand Weapons
 a - a +0 dagger (weapon)
Missiles
 d - 4 atropa-tipped darts (quivered)
Armour
 i - a +0 buckler
Scrolls
 f - 3 scrolls of identify
 g - a scroll of enchant weapon
 h - a scroll of remove curse {unknown}
 k - a scroll of magic mapping {unknown}
 m - a scroll of fear {unknown}
Potions
 c - a potion of might {unknown}
 e - a potion of magic {unknown}
 j - a potion of haste {unknown}
 l - a potion of curing {unknown}
 n - a potion of resistance {unknown}
 o - a potion of brilliance {unknown}
 p - a potion of berserk rage {unknown}
Comestibles
 b - 5 rations


   Skills:
 - Level 1.7 Dodging
 - Level 1.7 Stealth
 - Level 2.0 Spellcasting
 + Level 5.7 Conjurations


You had 4 spell levels left.
You knew the following spells:

 Your Spells              Type           Power        Failure   Level  Hunger
a - Magic Dart            Conj           ###.         1%          1    #......
b - Searing Ray           Conj           ###...       2%          2    ###....

Your spell library contained the following spells:

 Spells                   Type           Power        Failure   Level  Hunger
 Dazzling Spray           Conj/Hex       ##....       19%         3    ###....
 Iskenderun's Mystic Bla  Conj           ###.....     19%         4    #####..
 Force Lance              Conj/Tloc      ##......     52%         4    #####..
 Fulminant Prism          Conj/Hex       ##........   52%         4    #####..


Dungeon Overview and Level Annotations

Branches:
Dungeon (3/15)

Altars:

Annotations:
D:3 Ijyb


Innate Abilities, Weirdness & Mutations

Your plain brown scales are hard. (AC +5)
You cannot fit into any form of body armour.
You are cold-blooded and may be slowed by cold attacks.


Message History

The bat closely misses you.
Ijyb screams, "No!
No, no, no, no!"
Okay, then.
Casting: Searing Ray (safe; 2% risk of failure)
Confirm with . or Enter, or press ? or * to list all spells.
Aiming: Searing Ray (safe; 2% risk of failure)
Press: ? - help, Shift-Dir - straight line, f - bat
Aim: a bat (severely wounded)
Okay, then.
The bat hits you but does no damage. The bat closely misses you.
The bat hits you but does no damage.
Ijyb zaps a wand.
The bolt of acid misses you. The bat completely misses you. The bat misses you.
The bat hits you but does no damage. x2
There is a stone staircase leading up here.
The bat hits you but does no damage. The bat misses you.
The bat barely misses you. The bat hits you but does no damage.
Ijyb zaps a wand.
The bolt of acid misses the bat.
The bolt of acid hits you!
You die...

#. #.#.# # #.
#.#.#
..#.###.#.##
.>.......
#.....#
#####.....######
#...............
#.###.....######
#@b.g.........
#b#.######....
...#.# ...
#####.# .. ..# .
... .... ....


You could see Ijyb and 2 bats.

Vanquished Creatures
  An ooze (D:1)
  5 worms (D:2)
  6 dart slugs (D:1)
  A leopard gecko (D:2)
  5 giant cockroaches
  5 goblins
  8 hobgoblins
  A ball python (D:2)
  11 bats
  2 frilled lizards
  4 kobolds (D:1)
  2 rats
51 creatures vanquished.

Notes
Turn   | Place    | Note
-------+----------+-------------------------------------------
     0 | D:1      | Leeroy the Draconian Conjurer began the quest for the Orb.
     0 | D:1      | Reached XP level 1. HP: 14/14 MP: 3/3
    89 | D:1      | Reached XP level 2. HP: 3/20 MP: 1/5
   365 | D:1      | Learned a level 2 spell: Searing Ray
   569 | D:1      | Reached skill level 5 in Conjurations
   574 | D:1      | Reached XP level 3. HP: 23/26 MP: 6/6
  1294 | D:2      | Reached XP level 4. HP: 10/33 MP: 4/7
  2144 | D:3      | Noticed Ijyb
  2156 | D:3      | Killed from afar by Ijyb

Levels and vault maps discovered:
D:1:      lemuel_arrival_behind_the_door_large, layout_rooms, minmay_tall_x
D:2:      layout_basic, minmay_cut_off
D:3:      layout_basic, marbit_many_paths,
          nicolae_dithmenos_through_a_glass_darkly, uniq_ijyb

Skill      XL: |  1  2 |
---------------+-------+-----
Conjurations   | 5 |  5.7
Dodging        | |  1.7
Stealth        | |  1.7
Spellcasting   | |  2.0

Action                   |  1- 3 |  4- 6 || total
-------------------------+-------+-------++-------
Melee: Dagger            |   210 |    37 ||   247
       Tailslap          |    19 |     5 ||    24
 Cast: Magic Dart        |     3 |       ||     3
       Searing Ray       |     5 |     2 ||     7
  Use: Scroll            |       |     1 ||     1
 Stab: Sleeping          |     2 |     1 ||     3
  Eat: Chunk             |     1 |     3 ||     4
Armor: Skin              |    90 |    22 ||   112
Dodge: Dodged            |   195 |    35 ||   230

Table legend:
 A = Non-vault XP
 B = Vault XP
 C = Vault XP percentage of total XP
 D = Non-vault monster count
 E = Vault monster count
 F = Vault count percentage of total count
                 A         B        C        D         E       F
            +---------+---------+-------+---------+---------+-------
      Total |     100 |      15 |  13.0 |      42 |       9 |  17.6
            +---------+---------+-------+---------+---------+-------
        D:1 |      57 |       4 |   6.6 |      23 |       4 |  14.8
        D:2 |      43 |      11 |  20.4 |      19 |       5 |  20.8
            +---------+---------+-------+---------+---------+-------
